 Dungeon Crawl Stone Soup version 0.27-a0-1456-gf5a116941d (webtiles) character file.

Game seed: 3690099470055734448

64 Lekart the Skirmisher (level 3, 0/33 HPs)
             Began as a Draconian Chaos Knight on July 5, 2021.
             Was a Plaything of Xom.
             Slain by a kobold (1 damage)
             ... on level 2 of the Dungeon.
             The game lasted 00:01:42 (1785 turns).

Lekart the Skirmisher (Draconian Chaos Knight)      Turns: 1785, Time: 00:01:42

Health: 0/33       AC:  6    Str: 15    XL:     3   Next: 91%
Magic:  3/3        EV: 12    Int: 12    God:    Xom [...*..]
Gold:   89         SH:  0    Dex: 10    Spells: 2/2 levels left

rFire    . . .     SeeInvis .   a - +0 falchion (chaos)
rCold    . . .     Faith    .   (no shield)
rNeg     . . .     Spirit   .   (armour unavailable)
rPois    .         Reflect  .   (helmet restricted)
rElec    .         Harm     .   g - +0 cloak
rCorr    .         Rampage  .   (no gloves)
Will     .....                  (no boots)
Stlth    +.........             (no amulet)
HPRegen  0.11/turn              (no ring)
MPRegen  0.08/turn              (no ring)

@: no status effects
A: AC +5, unfitting armour, cold-blooded
a: Renounce Religion


You were on level 2 of the Dungeon.
You worshipped Xom.
You were a favourite toy of Xom.
You visited 1 branch of the dungeon, and saw 2 of its levels.

You collected 89 gold pieces.

Inventory:

Hand Weapons
 a - a +0 falchion of chaos (weapon)
Missiles
 h - 4 poisoned darts (quivered)
Armour
 g - a +0 cloak (worn)
Scrolls
 d - a scroll of acquirement {unknown}
 e - a scroll of identify {unknown}
Potions
 f - a potion of might {unknown}


   Skills:
 + Level 3.9 Fighting
 + Level 3.7 Long Blades
 * Level 3.0 Dodging


You had 2 spell levels left.
You didn't know any spells.
Your spell library was empty.

Dungeon Overview and Level Annotations

Branches:
Dungeon (2/15)

Altars:

Annotations:
D:2 Natasha


Innate Abilities, Weirdness & Mutations

Your plain brown scales are hard. (AC +5)
You cannot fit into any form of body armour.
You are cold-blooded and may be slowed by cold attacks.


Message History

You closely miss Natasha. The shadow imp gestures at you.
Pain shoots through your body!
* * * LOW HITPOINT WARNING * * *
Natasha claws you.
* * * LOW HITPOINT WARNING * * *
The shadow imp hits you.
* * * LOW HITPOINT WARNING * * *
The rat bites you but does no damage. Natasha claws you.
* * * LOW HITPOINT WARNING * * *
You hit Natasha. You freeze Natasha.
Natasha is moderately wounded.
The shadow imp splashes around in the water.
The rat closely misses you.
You riposte.
You barely miss the rat. Natasha barely misses you.
You riposte.
You hit Natasha.
Your tail-slap misses Natasha.
Natasha is heavily wounded.
The shadow imp hits you but does no damage.
As you read the scroll labelled PEBUIN SEIXOAS, it crumbles to dust.
You feel strangely unstable.
It was a scroll of teleportation.
The rat barely misses you.
You riposte.
You hit the rat. You freeze the rat.
You kill the rat!
Natasha completely misses you.
You riposte.
You hit Natasha. You burn Natasha.
Natasha is severely wounded.
The white imp misses you.
You riposte.
You hit the white imp but do no damage.
You tail-slap the white imp, but do no damage.
The shadow imp barely misses you. Natasha claws you.
* * * LOW HITPOINT WARNING * * *
The white imp shouts, "Away with thee, thou droning saucy maggot-pie!"
The white imp hits you but does no damage.
It was a potion of cancellation.
You feel strangely stable.
Your magical effects are unravelling.
You feel magically purged.
Xom roars with laughter!
You feel yourself speed up. The shadow imp barely misses you.
You riposte.
You closely miss the shadow imp. The kobold hits you with a +0 dagger.
You die...
Xom cackles wildly!

#..##...##≈≈≈≈≈≈..≈≈≈≈≈≈##.#
#.....##≈≈≈≈≈≈≈..≈≈≈≈≈≈≈###
###..#.# ≈≈≈≈≈≈≈.)†≈≈≈≈≈≈≈
...<...# ≈≈≈≈≈≈≈..≈≈≈≈≈≈≈≈
.....### ≈≈≈≈≈≈#..#≈≈≈≈≈≈≈
.....# ≈≈≈≈≈≈.≈≈.≈≈≈≈≈≈≈
...#.# ≈≈≈≈≈≈.≈≈.≈≈≈≈≈≈≈
#......# ≈≈≈≈≈≈#..#≈≈≈≈≈≈≈
#####..# ≈≈≈≈≈≈≈@5≈≈≈≈≈≈≈≈ #
#.# ≈≈≈≈≈≈5hK≈≈≈≈≈≈≈≈ ## .#
≈≈≈≈≈≈≈..≈≈≈≈≈≈≈# .. ..
#≈≈≈≈≈≈..≈≈≈≈≈≈## ..
..##≈≈≈≈≈..≈≈≈≈≈## ..
..r##≈≈≈≈..≈≈≈≈## ..
##≈≈†)(≈≈≈## .. ####'(####
## ....


You could see Natasha, a white imp (summoned), a shadow imp (summoned) and a
kobold.

Vanquished Creatures
  An adder (D:2)
  A worm (D:2)
  A dart slug (D:2)
  3 bats
  6 endoplasms
  A giant cockroach (D:2)
  3 goblins
  3 hobgoblins
  4 jackals (D:1)
  3 quokkas
  2 ball pythons
  A frilled lizard (D:1)
  9 kobolds
  7 rats
45 creatures vanquished.

Notes
Turn   | Place    | Note
-------+----------+-------------------------------------------
     0 | D:1      | Lekart the Draconian Chaos Knight began the quest for the
                  | Orb.
     0 | D:1      | Reached XP level 1. HP: 19/19 MP: 1/1
   201 | D:1      | XOM: silly message
   272 | D:1      | Reached XP level 2. HP: 26/26 MP: 2/2
   492 | D:1      | Found a faded altar of an unknown god.
   716 | D:1      | XOM: silly message
   801 | D:1      | XOM: silly message
  1069 | D:2      | Reached XP level 3. HP: 20/33 MP: 3/3
  1769 | D:2      | Noticed Natasha
  1784 | D:2      | HP: 1/33 [Natasha (2)]
  1785 | D:2      | Slain by a kobold

Illustrated notes

Levels and vault maps discovered:
D:1:      evilmike_arrival_rings, layout_loops_cross,
          chequers_ecumenical_altar_simple, serial_bayou_crossing
D:2:      kennysheep_big_flooded_room, layout_rooms, uniq_natasha

Skill      XL: |  1  2  3 |
---------------+----------+-----
Dodging        | 3 |  3.0
Fighting       | |  3.9
Long Blades    | |  3.7

Action                   || total
-------------------------++-------
Melee: Falchion          ||    84
       Tailslap          ||     9
Throw: Dart              ||    13
  Use: Scroll            ||     1
       Potion            ||     1
 Stab: Sleeping          ||     1
Armor: Skin              ||    28
Dodge: Dodged            ||    87
       Rpst.: Falchion   ||    36

Table legend: (Time is in decaauts)
 A = Elapsed time spent in this place.
 B = Non-inter-level travel time spent in this place.
 C = Inter-level travel time spent in this place.
 D = Time resting spent in this place.
 E = Time spent auto-exploring this place.
 F = Levels seen in this place.
 G = Mean time per level.
                   A        B        C        D        E       F      G
               +--------+--------+--------+--------+--------+-----+--------+
         Total |   1811 |   1773 |     38 |    235 |   1262 |   2 |  905.5 |
       Dungeon |   1811 |   1773 |     38 |    235 |   1262 |   2 |  905.5 |
               +--------+--------+--------+--------+--------+-----+--------+

Top non-repeatable levels by time:
     D:1: 1074 daAuts
     D:2: 737 daAuts
